Cogmind - Beta 11.1 @@@ ROGUE MODE // 2022.10.28 @ 14:58:51 Player: kawyua Result: Destroyed by P-80 Master with Gamma Rifle Performance ------------- Evolutions (7) 3500 Regions Visited (14) 2800 Robots Destroyed (77) 385 Value Destroyed (3544) 3544 Prototype IDs (11) 220 Alien Tech Used (0) 0 Bonus (518) 518 TOTAL SCORE: 10967 Bonus ------- High Alert Combat Kills 18 Entered DSFs 500 Cogmind --------- Core Integrity 0/1300 Matter 285/300 Energy 94/100 System Corruption 38% Temperature Cool (0) Movement Core (100) Ox1 Location -3/Research Parts ------- > --- POWER (1) -------- (None) > --- PROPULSION (6) --- (None) > --- UTILITY (10) ----- Advanced Target Analyzer Improved Reaction Control System > --- WEAPON (4) ------- Lance > --- INVENTORY (5) ---- Compact Wheel Compact Matter Pod (150) Compact Matter Pod (150) Peak State ------------ > --- POWER ------------ Heavy Antimatter Reactor > --- PROPULSION ------- Improved Treads Improved Treads Improved Treads Medium Treads Armored Medium Treads Advanced Medium Treads > --- UTILITY ---------- Improved Cooling System Large Storage Unit Advanced Targeting Computer Phase Shifter Damper Plating Advanced Focal Shield Improved Thermal Shield > --- WEAPON ----------- Variable Charge Gun Quantum Rifle Long-range Proton Cannon KE Penetrator > --- INVENTORY -------- Improved Treads Armored Medium Treads Compact Wheel Compact Matter Pod Makeshift Terrain Scan Processor Improved Melee Analysis Suite Improved Weapon Cycler Improved Medium Armor Plating Improved Recalibrator Wave Gun KE Penetrator Smartbomb Launcher Phasing Sabre Force Lance [Rating: 114] Favorites ----------- Power Heavy Antimatter Reactor Engine Reinforced Deuterium Engine Power Core Neutrino Core Reactor Heavy Antimatter Reactor Propulsion Light Treads Treads Light Treads Wheel Centrium Wheel Hover Unit Antigrav System Flight Unit Field Propulsion Array Utility High-capacity Storage Unit Device Improved Cooling System Storage High-capacity Storage Unit Processor Advanced Targeting Computer Protection Light Armor Plating Weapon KE Penetrator Energy Gun Variable Charge Gun Energy Cannon Heavy Ion Cannon Ballistic Gun KE Penetrator Ballistic Cannon Heavy Assault Cannon Launcher Rocket Launcher Special Weapon Improved Plasma Cutter Impact Weapon Heavy Hammer Slashing Weapon Phasing Sabre Piercing Weapon Force Lance Build | -11 -10 -9 -9 -9 -7 -7 -6 -5 -5 -5 -4 -4 -4 -3 ------- Run | Scr Mat Mat Sto Rec Fac DSF Fac Fac Was Fac Fac Upp Upp Res Slots Evolved 14 | . . 2 . . 4 . 2 2 . . 2 . . 2 Power . | . . . . . . . . . . . . . . . Propulsion 4 | . . 2 . . . . . 1 . . 1 . . . Utility 8 | . . . . . 4 . . 1 . . 1 . . 2 Weapon 2 | . . . . . . . 2 . . . . . . . Parts Attached 136 | 3 9 10 5 . 3 . 18 14 21 12 14 2 . 25 Power 10 | 1 . 1 1 . . . 1 1 2 1 1 . . 1 Engine 6 | 1 . 1 1 . . . 1 1 1 . . . . . Core 2 | . . . . . . . . . 1 1 . . . . Reactor 2 | . . . . . . . . . . . 1 . . 1 Propulsion 36 | . 2 4 1 . . . 5 4 5 6 3 . . 6 Treads 30 | . 2 4 1 . . . 5 4 4 5 2 . . 3 Leg . | . . . . . . . . . . . . . . . Wheel 1 | . . . . . . . . . . . 1 . . . Hover 4 | . . . . . . . . . 1 1 . . . 2 Flight 1 | . . . . . . . . . . . . . . 1 Utility 45 | 1 4 2 . . 3 . 4 4 8 3 5 1 . 10 Device 18 | . 1 . . . . . 3 2 2 2 3 . . 5 Storage 6 | 1 2 2 . . . . . . . . . 1 . . Processor 7 | . . . . . . . 1 1 2 . 1 . . 2 Hackware . | . . . . . . . . . . . . . . . Protection 14 | . 1 . . . 3 . . 1 4 1 1 . . 3 Artifact . | . . . . . . . . . . . . . . . Weapon 45 | 1 3 3 3 . . . 8 5 6 2 5 1 . 8 Energy Gun 9 | . 1 1 2 . . . 1 1 . 1 . 1 . 1 Energy Cannon 6 | . 1 . . . . . 2 1 1 . . . . 1 Ballistic Gun 9 | 1 . . . . . . 1 1 1 1 3 . . 1 Ballistic Cannon 7 | . . 2 1 . . . 3 . 1 . . . . . Launcher 7 | . . . . . . . 1 1 2 . 1 . . 2 Special Weapon 1 | . . . . . . . . 1 . . . . . . Impact Weapon 2 | . 1 . . . . . . . 1 . . . . . Slashing Weapon 1 | . . . . . . . . . . . . . . 1 Piercing Weapon 3 | . . . . . . . . . . . 1 . . 2 Special Melee Weapon . | . . . . . . . . . . . . . . . Unidentified Prototypes 11 | . . 1 3 . . . 2 3 . 1 1 . . . Parts Lost 47 | . . . . . . . 15 2 7 1 . . . 22 Power 3 | . . . . . . . . 1 1 . . . . 1 Propulsion 16 | . . . . . . . 7 . 3 . . . . 6 Utility 17 | . . . . . . . 4 . 2 1 . . . 10 Weapon 11 | . . . . . . . 4 1 1 . . . . 5 Highest Loss Streak 13 | . . . . . . . 8 1 7 1 . . . 13 To Critical Strikes 1 | . . . . . . . . . . . . . . 1 Average Slot Usage (%) 74 | . 92 87 87 88 84 84 74 71 56 61 76 83 84 50 Engine 4 | . 14 11 11 11 7 7 6 5 3 4 . . . . Reactor 1 | . . . . . . . . . . . 3 5 5 2 Treads 27 | . 24 43 44 44 30 30 23 29 12 15 28 31 31 15 Device 7 | . 3 . . . . . 7 9 5 6 11 10 10 8 Storage 5 | . 14 11 11 11 7 7 6 5 1 . . 3 5 2 Processor 2 | . . . . . . . 4 . 3 . 2 5 5 2 Protection 7 | . 7 11 11 11 30 30 10 1 5 10 10 6 5 3 Energy Gun 2 | . . . . . . . 1 2 . 1 5 5 5 2 Energy Cannon 1 | . 12 . . . . . 3 2 1 . . . . 1 Ballistic Gun 4 | . 14 . . . . . . 2 4 5 5 10 10 3 Ballistic Cannon 3 | . . 10 10 11 7 7 6 2 1 . . . . . Launcher 1 | . . . . . . . . 4 2 5 3 . . . Piercing Weapon 1 | . . . . . . . . . . . . 5 5 2 Naked Turns 22 | . . . . . . . . . 1 . . . . 21 Heaviest Build 117 | 11 32 100 63 63 74 74 84 92 99 101 96 109 109 117 Greatest Support 154 | 3 40 84 80 80 80 80 84 106 106 125 154 154 154 154 Greatest Overweight (x) 5 | 3 4 1 . . . . 1 . 5 1 . . . 2 Average Overweight (x) . | 1 . . . . . . . . . . . . . . Largest Inventory Capacity 25 | 8 15 25 20 20 20 20 20 20 20 5 5 15 15 15 Average Capacity 14 | 7 10 19 20 20 20 20 20 20 10 5 5 12 15 10 Most Carried 20 | 8 9 20 20 20 19 17 20 20 20 5 5 15 15 15 Average Carried 12 | 6 7 16 19 20 17 17 16 15 9 5 4 9 15 10 Final Capacity 20 | 8 15 20 20 20 20 20 20 20 5 5 5 15 15 5 Final Carried 20 | 8 9 20 20 20 17 17 14 20 5 5 5 15 15 3 Class Distribution -------------------- 44% | Scavenger-Mutant 27% | Mutant 11% | Scavenger-Tank 7% | Skirmisher 7% | Scavenger-Skirmisher Dominant Class ---------------- Mutant | -10/Materials Mutant | -9/Materials Mutant | -9/Storage Mutant | -9/Recycling Scavenger-Mutant | -7/Factory Scavenger-Mutant | -7/DSF Scavenger-Tank | -6/Factory Scavenger-Mutant | -5/Factory Scavenger-Mutant | -5/Waste Scavenger-Mutant | -5/Factory Scavenger-Mutant | -4/Factory Scavenger-Mutant | -4/Upper Caves Scavenger-Mutant | -4/Upper Caves Mutant | -3/Research Resources | -11 -10 -9 -9 -9 -7 -7 -6 -5 -5 -5 -4 -4 -4 -3 ----------- Run | Scr Mat Mat Sto Rec Fac DSF Fac Fac Was Fac Fac Upp Upp Res Matter Collected 3621 | 222 104 176 255 . . . 783 181 707 287 187 251 . 468 Remotely . | . . . . . . . . . . . . . . . Salvage Created 4721 | . 119 160 105 . . . 678 257 1372 471 571 404 . 584 Parts 168 | . 10 17 12 . . . 37 13 13 22 24 3 . 17 Haulers Intercepted . | . . . . . . . . . . . . . . . Recyclers Shooed 6 | . . . . . . . 2 . . . 4 . . . Parts Field Recycled . | . . . . . . . . . . . . . . . Retrieved Matter . | . . . . . . . . . . . . . . . Parts Self-Destructed 1 | . . . . . . . . . . . . 1 . . Prevented . | . . . . . . . . . . . . . . . Kills | -11 -10 -9 -9 -9 -7 -7 -6 -5 -5 -5 -4 -4 -4 -3 ------- Run | Scr Mat Mat Sto Rec Fac DSF Fac Fac Was Fac Fac Upp Upp Res Combat Hostiles Destroyed 68 | . 3 6 4 . . . 18 9 6 9 7 . . 6 Melee 2 | . . . . . . . . . . . . . . 2 Guns 18 | . 1 . . . . . . 1 2 5 6 . . 3 Cannons 29 | . 2 6 4 . . . 14 1 1 . . . . 1 AOE 17 | . . . . . . . 4 7 1 4 1 . . . Classes Destroyed 13 | . 1 2 2 . . . 6 1 1 . . . . . Worker 3 | . . . . . . . . 1 . 1 1 . . . Recycler 4 | . . . 1 . . . 1 . . . 1 . . 1 Watcher 2 | . . . 1 . . . . . . 1 . . . . Swarmer 17 | . . 3 3 . . . 8 3 . . . . . . Grunt 18 | . 3 . . . . . . 5 . 4 3 . . 3 Brawler 2 | . . . . . . . 1 . . . . . . 1 Duelist 2 | . . . . . . . 1 . . . . . . 1 Sentry 10 | . . 3 1 . . . 1 . . 3 2 . . . Specialist 2 | . . . . . . . 2 . . . . . . . Hunter 2 | . . . . . . . 1 1 . . . . . . Programmer 8 | . . . . . . . 3 . . 2 2 . . 1 Heavy 1 | . . . . . . . 1 . . . . . . . Compactor 6 | . . . . . . . . . 6 . . . . . Best Kill Streak 8 | . 2 3 4 . . . 4 7 3 8 6 . . 2 Combat Bots Only 7 | . 2 3 3 . . . 4 7 3 6 5 . . 2 Max Kills in Single Turn 3 | . 1 1 1 . . . 2 3 1 3 1 . . 1 Gunslinging . | . . . . . . . . . . . . . . . Exploded 3 | . . . . . . . 2 3 1 2 1 . . . Melee 1 | . . . . . . . . . . . . . . 1 Uniques/NPCs Destroyed . | . . . . . . . . . . . . . . . Combat | -11 -10 -9 -9 -9 -7 -7 -6 -5 -5 -5 -4 -4 -4 -3 -------- Run | Scr Mat Mat Sto Rec Fac DSF Fac Fac Was Fac Fac Upp Upp Res Damage Taken 9326 | . 64 104 143 . . 78 2897 387 343 773 365 . 65 4107 Core 1644 | . . 15 9 . . . 191 . 122 3 2 . . 1302 Absorbed by Shields . | . . . . . . . . . . . . . . . Reduced by Siege Mode 13 | . . . . . . . . . 13 . . . . . Regen/Repaired (Parts) 55 | . . . . . . . . . . . 55 . . . Core Remaining (%) 93 | 100 100 . . 94 . 100 77 . . 87 . . 99 . Volleys Fired 253 | . 7 16 21 9 . . 50 32 39 22 30 . . 27 Largest 4 | . 2 1 1 1 . . 3 3 4 2 2 . . 4 Hottest 283 | . 80 60 60 60 . . 186 183 236 114 114 . . 283 Shots Fired 438 | . 14 16 21 9 . . 103 38 90 29 57 . . 61 Gun 204 | . 7 . . . . . 18 12 44 24 56 . . 43 Cannon 204 | . 7 16 21 9 . . 82 16 39 . . . . 14 Launcher 28 | . . . . . . . 3 8 7 5 1 . . 4 Special 2 | . . . . . . . . 2 . . . . . . Kinetic 259 | . 7 16 21 9 . . 73 8 54 17 28 . . 26 Thermal 123 | . 7 . . . . . 27 16 21 7 28 . . 17 Explosive 28 | . . . . . . . 3 8 7 5 1 . . 4 Electromagnetic 28 | . . . . . . . . 6 8 . . . . 14 Robot Hit Streak 25 | . 5 6 8 1 . . 13 6 24 25 10 . . 10 Robot Miss Streak 5 | . 1 2 2 1 . . 2 2 3 2 5 . . 3 Penetration Max 1 | . . . . . . . 1 1 . . 1 . . 1 Secondary Targets 1 | . . . . . . . . . . 1 . . . . Max Gunslinging Chain 1 | . . . . . . . . . . 1 . . . . Shots Hit Robots 302 | . 8 6 8 1 . . 62 16 74 23 39 14 . 51 Core Hits 156 | . 6 6 5 . . . 29 28 17 21 22 4 . 18 Critical Kills 3 | . . . . . . . . . 2 . 1 . . . Critical Parts Destroyed . | . . . . . . . . . . . . . . . Critical Strikes 14 | . . 2 . . . . 4 . 4 . 2 1 . 1 Burn 1 | . . . . . . . . . . . 1 . . . Meltdown 2 | . . . . . . . . . 2 . . . . . Destroy 2 | . . . . . . . . . 1 . 1 . . . Blast 7 | . . 2 . . . . 4 . 1 . . . . . Impale 2 | . . . . . . . . . . . . 1 . 1 Melee Attacks 67 | . . . . . . . . . . . 1 15 . 51 Impact . | . . . . . . . . . . . . . . . Slashing 11 | . . . . . . . . . . . . . . 11 Piercing 56 | . . . . . . . . . . . 1 15 . 40 Sneak Attacks 1 | . . . . . . . . . . . . . . 1 Combat Hostiles . | . . . . . . . . . . . . . . . Follow-up Attacks . | . . . . . . . . . . . . . . . Damage Inflicted 12854 | . 90 388 395 58 . . 2654 1283 2485 1291 1485 1005 . 1720 Guns 3766 | . 38 . . . . . 157 244 818 523 1112 . . 874 Cannons 4664 | . 52 388 395 58 . . 2198 126 1119 . . . . 328 Explosions 2905 | . . . . . . . 299 896 548 768 373 . . 21 Melee 1502 | . . . . . . . . . . . . 1005 . 497 Ramming . | . . . . . . . . . . . . . . . Kinetic 5711 | . 38 388 395 58 . . 1898 206 1288 403 542 . . 495 Thermal 2310 | . 52 . . . . . 457 95 637 120 570 . . 379 Explosive 2905 | . . . . . . . 299 896 548 768 373 . . 21 Electromagnetic 426 | . . . . . . . . 86 12 . . . . 328 Impact . | . . . . . . . . . . . . . . . Slashing 186 | . . . . . . . . . . . . . . 186 Piercing 1316 | . . . . . . . . . . . . 1005 . 311 Highest Corruption 38 | . . . . . . . 13 . . 5 . . . 38 Average Corruption 10 | . . . . . . . 6 . . 5 . . . 23 Corruption Purged . | . . . . . . . . . . . . . . . Corruption Blocked . | . . . . . . . . . . . . . . . Effects 69 | . . . . . . . 39 . . 7 . . . 23 Message Errors 16 | . . . . . . . 5 . . 1 . . . 10 Matter Fused 13 | . . . . . . . 9 . . 1 . . . 3 Heat Flow Errors 9 | . . . . . . . 3 . . . . . . 6 Energy Discharges 15 | . . . . . . . 12 . . 3 . . . . Parts Rejected 1 | . . . . . . . . . . 1 . . . . Data Loss (minor) 7 | . . . . . . . 5 . . 1 . . . 1 Data Loss (major) 2 | . . . . . . . 2 . . . . . . . Misfires 2 | . . . . . . . 2 . . . . . . . Alerts 1 | . . . . . . . 1 . . . . . . . Misdirections 3 | . . . . . . . . . . . . . . 3 Overload Shots . | . . . . . . . . . . . . . . . Overflow Damage 858 | . . 7 45 18 . . 228 69 . 13 10 359 . 109 Projectiles 275 | . . 7 45 18 . . 171 34 . . . . . . Explosions 115 | . . . . . . . 57 35 . 13 10 . . . Melee 468 | . . . . . . . . . . . . 359 . 109 Knockbacks 16 | . . 1 . . . . 15 . . . . . . . Impact . | . . . . . . . . . . . . . . . Kinetic 16 | . . 1 . . . . 15 . . . . . . . Secondary . | . . . . . . . . . . . . . . . Self-Inflicted Damage 173 | . . . . . . . . 38 . 39 . . . 96 Shots 4 | . . . . . . . . 1 . 2 . . . 1 Rammed . | . . . . . . . . . . . . . . . Targets Rammed . | . . . . . . . . . . . . . . . Kicked . | . . . . . . . . . . . . . . . Crushed . | . . . . . . . . . . . . . . . Highest Temperature 655 | . 139 60 94 47 . . 246 240 655 77 253 . . 617 Average Temperature 102 | . 58 23 35 18 . . 64 71 235 40 76 . . 164 Received Heat Transfer 649 | . 36 18 63 . . . 42 72 . 144 102 . 18 154 Effects 21 | . . . . . . . . . 14 . . . . 7 Shutdowns 2 | . . . . . . . . . 2 . . . . . Energy Bleed 1 | . . . . . . . . . . . . . . 1 Interference 8 | . . . . . . . . . 6 . . . . 2 Short Circuit 5 | . . . . . . . . . 2 . . . . 3 Damage (major) 4 | . . . . . . . . . 4 . . . . . Damage (core) 1 | . . . . . . . . . . . . . . 1 Siege Activations 1 | . . . . . . . . . 1 . . . . . Total Turns 7 | . . . . . . . . . 7 . . . . . Longest Duration 7 | . . . . . . . . . 7 . . . . . Robots Corrupted . | . . . . . . . . . . . . . . . Combat Hostiles . | . . . . . . . . . . . . . . . Parts Fried 2 | . . . . . . . . . . . . . . 2 Impact Corruptions . | . . . . . . . . . . . . . . . Robots Melted 2 | . . . . . . . . . 2 . . . . . Combat Hostiles 2 | . . . . . . . . . 2 . . . . . Parts Melted 6 | . . . . . . . . . 4 . 2 . . . Heat Transferred 3394 | . 111 . . . . . 592 137 1000 185 851 . . 518 Parts Sabotaged . | . . . . . . . . . . . . . . . Parts Stolen . | . . . . . . . . . . . . . . . Parts Stripped . | . . . . . . . . . . . . . . . Power Chain Reactions . | . . . . . . . . . . . . . . . Missiles Intercepted . | . . . . . . . . . . . . . . . Alert | -11 -10 -9 -9 -9 -7 -7 -6 -5 -5 -5 -4 -4 -4 -3 ------- Run | Scr Mat Mat Sto Rec Fac DSF Fac Fac Was Fac Fac Upp Upp Res Peak Influence 981 | . 125 269 215 196 981 701 428 434 148 328 353 . . 267 Initial 981 | . . 52 . 83 981 686 367 168 79 . 160 . . 10 Average 185 | . 52 118 81 130 981 687 318 207 49 102 219 . . 96 Maximum Alert Level 3 | . . 1 1 . 3 3 2 2 . 1 1 . . 1 Low Security (%) 59 | 100 100 86 96 100 . . 2 54 100 76 48 . . 81 Level 1 34 | . . 13 3 . . . 85 41 . 23 51 . . 18 Level 2 3 | . . . . . . 91 11 4 . . . . . . Level 3 1 | . . . . . 100 8 . . . . . . . . Level 4 . | . . . . . . . . . . . . . . . Level 5 . | . . . . . . . . . . . . . . . High Security . | . . . . . . . . . . . . . . . Max Security . | . . . . . . . . . . . . . . . Squads Dispatched 26 | . 2 1 . . . . 7 5 . 5 2 . . 4 Investigation 5 | . . 1 . . . . 1 2 . 1 . . . . Extermination 6 | . . . . . . . 3 . . 1 1 . . 1 Reinforcement 8 | . 2 . . . . . 3 2 . . 1 . . . Assault 1 | . . . . . . . . . . . . . . 1 Garrison 6 | . . . . . . . . 1 . 3 . . . 2 Intercept . | . . . . . . . . . . . . . . . Searches Triggered . | . . . . . . . . . . . . . . . Construction Impeded . | . . . . . . . . . . . . . . . Haulers Reinforced . | . . . . . . . . . . . . . . . Active Scanning Responses 3 | . . . . . . . 1 2 . . . . . . Cargo Convoy Interrupts . | . . . . . . . . . . . . . . . Stealth | -11 -10 -9 -9 -9 -7 -7 -6 -5 -5 -5 -4 -4 -4 -3 --------- Run | Scr Mat Mat Sto Rec Fac DSF Fac Fac Was Fac Fac Upp Upp Res Distress Signals 11 | . 2 2 . . . . 1 . . 1 2 . . 3 Communications Jammed . | . . . . . . . . . . . . . . . Distress Signals . | . . . . . . . . . . . . . . . Times Spotted 129 | . 7 14 6 12 . 2 20 18 5 12 9 . 1 23 Peak Tracking Total 10 | . 3 5 4 6 . 1 4 7 2 6 4 . 1 10 Tactical Retreats 10 | . . 1 . . . 1 . 1 . . . . . 7 Traps | -11 -10 -9 -9 -9 -7 -7 -6 -5 -5 -5 -4 -4 -4 -3 ------- Run | Scr Mat Mat Sto Rec Fac DSF Fac Fac Was Fac Fac Upp Upp Res Traps Triggered 8 | . . . . . . . 2 2 . . 3 . . 1 Indirectly . | . . . . . . . . . . . . . . . Trap Hack Attempts . | . . . . . . . . . . . . . . . Triggered . | . . . . . . . . . . . . . . . Disarmed . | . . . . . . . . . . . . . . . Reprogrammed . | . . . . . . . . . . . . . . . Reused . | . . . . . . . . . . . . . . . Traps Extracted . | . . . . . . . . . . . . . . . Installed . | . . . . . . . . . . . . . . . Triggered . | . . . . . . . . . . . . . . . Machines | -11 -10 -9 -9 -9 -7 -7 -6 -5 -5 -5 -4 -4 -4 -3 ---------- Run | Scr Mat Mat Sto Rec Fac DSF Fac Fac Was Fac Fac Upp Upp Res Machines Disabled 14 | . . 1 3 1 . . . 1 . . 5 . . 3 Max in Single Turn 2 | . . 1 1 1 . . . 1 . . 2 . . 1 Garrison Access 3 | . . . . . . . . 1 . . 1 . . 1 Machines Sabotaged . | . . . . . . . . . . . . . . . Garrisons Compromised . | . . . . . . . . . . . . . . . Overloaded Fab Kills . | . . . . . . . . . . . . . . . Hacking | -11 -10 -9 -9 -9 -7 -7 -6 -5 -5 -5 -4 -4 -4 -3 --------- Run | Scr Mat Mat Sto Rec Fac DSF Fac Fac Was Fac Fac Upp Upp Res Machines Accessed 29 | . 1 3 1 6 1 . 2 5 . 1 5 . . 4 Terminals 18 | . . 3 . 5 1 . 2 2 . . 2 . . 3 Fabricators 3 | . . . . . . . . 2 . . 1 . . . Repair Stations 2 | . 1 . . . . . . . . . 1 . . . Recycling Units 2 | . . . 1 1 . . . . . . . . . . Scanalyzers . | . . . . . . . . . . . . . . . Garrison Access 4 | . . . . . . . . 1 . 1 1 . . 1 Total Hacks 56 | . 1 5 3 15 3 . 4 11 . 2 7 . . 5 Successful 27 | . 1 3 2 10 1 . . 5 . . 4 . . 1 Failed 29 | . . 2 1 5 2 . 4 6 . 2 3 . . 4 Catastrophic 9 | . . . . 1 . . . 1 . 1 2 . . 4 Database Lockouts . | . . . . . . . . . . . . . . . Manual 37 | . 1 5 4 10 . . 4 5 . 1 2 . . 5 Terminals 37 | . . 5 . 14 3 . 4 6 . . 2 . . 3 Fabricators 6 | . . . . . . . . 4 . . 2 . . . Repair Stations 3 | . 1 . . . . . . . . . 2 . . . Recycling Units 4 | . . . 3 1 . . . . . . . . . . Scanalyzers . | . . . . . . . . . . . . . . . Garrison Access 6 | . . . . . . . . 1 . 2 1 . . 2 Terminal Hacks 11 | . . 1 . 6 1 . . 3 . . . . . . Record 3 | . . . . 3 . . . . . . . . . . Open DSF 1 | . . . . . 1 . . . . . . . . . Terminal Index 3 | . . 1 . 1 . . . 1 . . . . . . Alert Level 3 | . . . . 2 . . . 1 . . . . . . Unreport Threat 1 | . . . . . . . . 1 . . . . . . Fabricator Hacks 2 | . . . . . . . . 1 . . 1 . . . Network Status 2 | . . . . . . . . 1 . . 1 . . . Repair Station Hacks 2 | . . . . . . . . . . . 2 . . . Scan Component 1 | . . . . . . . . . . . 1 . . . Repair 1 | . . . . . . . . . . . 1 . . . Recycling Unit Hacks . | . . . . . . . . . . . . . . . Scanalyzer . | . . . . . . . . . . . . . . . Garrison Access Hacks 2 | . . . . . . . . 1 . . 1 . . . Seal Access 2 | . . . . . . . . 1 . . 1 . . . Unauthorized Hacks 10 | . 1 2 2 4 . . . . . . . . . 1 Terminals 5 | . . 2 . 3 . . . . . . . . . . Botnet 4 | . . 2 . 2 . . . . . . . . . . Operators 1 | . . . . 1 . . . . . . . . . . Fabricators . | . . . . . . . . . . . . . . . Repair Stations 1 | . 1 . . . . . . . . . . . . . Mechanics 1 | . 1 . . . . . . . . . . . . . Recycling Units 3 | . . . 2 1 . . . . . . . . . . Recyclers 2 | . . . 1 1 . . . . . . . . . . Mask 1 | . . . 1 . . . . . . . . . . . Scanalyzers . | . . . . . . . . . . . . . . . Garrison Access 1 | . . . . . . . . . . . . . . 1 Broadcast 1 | . . . . . . . . . . . . . . 1 Data Cores Recovered . | . . . . . . . . . . . . . . . Used . | . . . . . . . . . . . . . . . Hacking Detections 22 | . . 2 1 4 1 . 2 4 . 1 3 . . 4 Full Trace Events 2 | . . 1 . . . . . . . 1 . . . . Feedback Events . | . . . . . . . . . . . . . . . Feedback Blocked . | . . . . . . . . . . . . . . . Robot Schematics Acquired . | . . . . . . . . . . . . . . . Robots Built . | . . . . . . . . . . . . . . . Authchips . | . . . . . . . . . . . . . . . Time . | . . . . . . . . . . . . . . . Total Robot Build Rating . | . . . . . . . . . . . . . . . Part Schematics Acquired . | . . . . . . . . . . . . . . . Parts Built . | . . . . . . . . . . . . . . . Authchips . | . . . . . . . . . . . . . . . Time . | . . . . . . . . . . . . . . . Total Part Build Rating . | . . . . . . . . . . . . . . . Parts Repaired 1 | . . . . . . . . . . . 1 . . . Time 56 | . . . . . . . . . . . 56 . . . Parts Recycled . | . . . . . . . . . . . . . . . Recycled Matter . | . . . . . . . . . . . . . . . Retrieved Matter . | . . . . . . . . . . . . . . . Retrieved Components . | . . . . . . . . . . . . . . . Parts Scanalyzed . | . . . . . . . . . . . . . . . Part Schematics Acquired . | . . . . . . . . . . . . . . . Parts Damaged . | . . . . . . . . . . . . . . . Bothacking | -11 -10 -9 -9 -9 -7 -7 -6 -5 -5 -5 -4 -4 -4 -3 ------------ Run | Scr Mat Mat Sto Rec Fac DSF Fac Fac Was Fac Fac Upp Upp Res Used RIF Installer . | . . . . . . . . . . . . . . . Robots Hacked . | . . . . . . . . . . . . . . . Non-combat . | . . . . . . . . . . . . . . . Combat . | . . . . . . . . . . . . . . . Robot Hacks Applied . | . . . . . . . . . . . . . . . Relay Couplers Released 3 | . . . . . . . . . . . . . . 3 Machine Destruction 3 | . . . . . . . . . . . . . . 3 Fabnet Peak Effective % . | . . . . . . . . . . . . . . . Robots Rewired . | . . . . . . . . . . . . . . . Allies Hacked . | . . . . . . . . . . . . . . . Hacks Repelled . | . . . . . . . . . . . . . . . Allies | -11 -10 -9 -9 -9 -7 -7 -6 -5 -5 -5 -4 -4 -4 -3 -------- Run | Scr Mat Mat Sto Rec Fac DSF Fac Fac Was Fac Fac Upp Upp Res Total Allies . | . . . . . . . . . . . . . . . Largest Group . | . . . . . . . . . . . . . . . Highest-Rated Group . | . . . . . . . . . . . . . . . Highest-Rated Ally . | . . . . . . . . . . . . . . . Total Orders . | . . . . . . . . . . . . . . . Ally Attacks . | . . . . . . . . . . . . . . . Total Damage . | . . . . . . . . . . . . . . . Kills . | . . . . . . . . . . . . . . . Allies Corrupted . | . . . . . . . . . . . . . . . Allies Melted . | . . . . . . . . . . . . . . . Intel | -11 -10 -9 -9 -9 -7 -7 -6 -5 -5 -5 -4 -4 -4 -3 ------- Run | Scr Mat Mat Sto Rec Fac DSF Fac Fac Was Fac Fac Upp Upp Res Robot Analysis Total . | . . . . . . . . . . . . . . . Derelict Logs Recovered 1 | . . . . . . . . . . . . 1 . . Drone Launches . | . . . . . . . . . . . . . . . Drone Recoveries . | . . . . . . . . . . . . . . . Exploration | -11 -10 -9 -9 -9 -7 -7 -6 -5 -5 -5 -4 -4 -4 -3 ------------- Run | Scr Mat Mat Sto Rec Fac DSF Fac Fac Was Fac Fac Upp Upp Res Turns Passed 9394 | 88 361 856 365 254 111 47 1658 1005 809 278 918 1737 15 892 Spaces Moved 5112 | 57 183 457 179 144 68 30 747 547 352 97 481 1056 10 704 Core 318 | 57 16 . . . . . . . 19 . . . . 226 Treads 4436 | . 167 457 179 144 68 30 747 547 220 97 481 1056 10 233 Legs . | . . . . . . . . . . . . . . . Wheels . | . . . . . . . . . . . . . . . Hover 170 | . . . . . . . . . 113 . . . . 57 Flight 188 | . . . . . . . . . . . . . . 188 Fastest Speed 40 | 50 160 152 160 160 160 160 152 153 50 162 159 159 159 40 Average Speed 155 | 135 165 157 160 160 160 160 190 153 185 214 160 159 159 85 Slowest Speed 360 | 200 250 232 160 160 160 160 240 153 360 245 162 159 159 243 Overloaded Moves . | . . . . . . . . . . . . . . . Propulsion Burnouts . | . . . . . . . . . . . . . . . Robots Hopped 1 | . . . . . . . . . . . . . . 1 Cave-ins Triggered 3 | . . . . . . . . . . . . . . 3 Exploration Rate (%) 29 | 3 34 28 22 48 1 43 17 17 100 3 13 90 5 21 Regions Visited 14 Branch Regions 4 Pre-discovered Areas . | . . . . . . . . . . . . . . . Known Exits Taken 2 | . . . . . 1 . 1 . . . . . . . Unknown Exits Taken 9 | 1 1 1 1 1 . . . . . 1 1 1 1 . Scrap Searched 2 | . . . . . . . . . . . . 2 . . Spaces Dug 136 | . . 9 3 6 . . 3 11 . . 1 1 . 102 Terrain Destroyed 418 | . . 12 5 10 . . 45 42 57 76 47 1 . 123 Melee 27 | . . . . . . . . . . . 1 1 . 25 Projectile 79 | . . 12 5 10 . . 32 13 3 . 3 . . 1 AOE 312 | . . . . . . . 13 29 54 76 43 . . 97 Terrain Rammed . | . . . . . . . . . . . . . . . Walls Destroyed . | . . . . . . . . . . . . . . . Machines Disabled . | . . . . . . . . . . . . . . . Actions | -11 -10 -9 -9 -9 -7 -7 -6 -5 -5 -5 -4 -4 -4 -3 --------- Run | Scr Mat Mat Sto Rec Fac DSF Fac Fac Was Fac Fac Upp Upp Res Total 6013 | 67 227 575 229 154 70 29 871 676 440 138 582 1083 9 863 Wait 266 | . 20 47 9 2 . . 27 63 21 . 40 . . 37 Move 5095 | 56 182 456 178 143 67 29 746 547 351 96 480 1055 9 700 Hop 1 | . . . . . . . . . . . . . . 1 Pick Up 107 | 8 6 26 6 . . . 19 16 1 . 7 10 . 8 Fast Attach 46 | 3 1 1 3 . . . . 1 11 10 7 1 . 8 Attach 61 | . 4 4 . . 3 . 15 10 8 . 4 . . 13 Detach 8 | . . 2 . . . . 2 . . 1 2 . . 1 Swap 30 | . 4 5 2 . . . 3 4 2 2 3 1 . 4 Drop 77 | . 3 18 10 . . . 9 3 7 7 8 1 . 11 Fire 253 | . 7 16 21 9 . . 50 32 39 22 30 . . 27 Melee 67 | . . . . . . . . . . . 1 15 . 51 Ram . | . . . . . . . . . . . . . . . Kick . | . . . . . . . . . . . . . . . Crush . | . . . . . . . . . . . . . . . Escape Stasis 2 | . . . . . . . . . . . . . . 2 Rewire . | . . . . . . . . . . . . . . . Trap . | . . . . . . . . . . . . . . . Miscellaneous . | . . . . . . . . . . . . . . . Route ------- -11/Scrapyard -10/Materials (discovered 2 exits: *Mat / [*Min]) -9/Materials (discovered 3 exits: [*Mat] / [*Min] / *Sto) -9/Storage -9/Recycling -7/Factory -7/DSF -6/Factory -5/Factory -5/Waste -5/Factory -4/Factory (discovered 2 exits: *Res / [*Upp]) -4/Upper Caves -4/Upper Caves -3/Research History --------- Turn | Location | Event 7 | -11/Scrapyard | Discovered new exit (range 15) 89 | -11/Scrapyard | Entered Materials 251 | -10/Materials | Discovered new exit (range 15) 302 | -10/Materials | Build established: Mutant 416 | -10/Materials | Discovered new exit (range 16) 450 | -10/Materials | Entered another Materials area 450 | -9/Materials | Evolved 2 slots: Propulsion x2 736 | -9/Materials | Discovered new exit (range 12) 948 | -9/Materials | Discovered new exit (range 12) 964 | -9/Materials | Discovered new exit (range 9) 1306 | -9/Materials | Entered Storage 1666 | -9/Storage | Discovered new exit (range 3) 1671 | -9/Storage | Entered Recycling 1702 | -9/Recycling | Spotter reported a threat 1740 | -9/Recycling | Spotter reported a threat 1778 | -9/Recycling | Spotter reported a threat 1779 | -9/Recycling | Spotter reported a threat 1779 | -9/Recycling | Spotter reported a threat 1783 | -9/Recycling | Spotter reported a threat 1783 | -9/Recycling | Spotter reported a threat 1793 | -9/Recycling | Spotter reported a threat 1820 | -9/Recycling | Spotter reported a threat 1830 | -9/Recycling | Spotter reported a threat 1830 | -9/Recycling | Spotter reported a threat 1832 | -9/Recycling | Spotter reported a threat 1832 | -9/Recycling | Spotter reported a threat 1846 | -9/Recycling | Spotter reported a threat 1870 | -9/Recycling | Spotter reported a threat 1883 | -9/Recycling | Spotter reported a threat 1918 | -9/Recycling | Discovered new exit (range 5) 1925 | -9/Recycling | Entered Factory 1925 | -7/Factory | Evolved 4 slots: Utility x4 2036 | -7/Factory | Identified exit to DSF 2036 | -7/Factory | Entered DSF 2059 | -7/DSF | Discovered new exit (range 16) 2079 | -7/DSF | Additional patrols routed to DSF 2083 | -7/DSF | Entered Factory 2083 | -6/Factory | Evolved 2 slots: Weapon x2 2387 | -6/Factory | Build established: Scavenger-Tank 2987 | -6/Factory | Found Prototype Device 2988 | -6/Factory | Identified Active Sensor Suite 2997 | -6/Factory | Lost 8 parts (4n2u2w) 3111 | -6/Factory | Discovered new exit (range 10) 3219 | -6/Factory | Identified exit to Factory 3300 | -6/Factory | Build established: Skirmisher 3328 | -6/Factory | System corruption reached 10% 3396 | -6/Factory | Lost 6 parts (2n2u2w) 3741 | -6/Factory | Entered another Factory area 3741 | -5/Factory | Evolved 2 slots: Propulsion x1, Utility x1 4312 | -5/Factory | Garrison activated, responded to threat 4359 | -5/Factory | Destroyed 7 combat bots 4703 | -5/Factory | Found Prototype Processor 4703 | -5/Factory | Identified Exp. Targeting Computer 4709 | -5/Factory | Found Exp. Targeting Computer 4712 | -5/Factory | Found Exp. Targeting Computer 4746 | -5/Factory | Sucked down chute 4746 | -5/Factory | Entered Waste 4824 | -5/Waste | Destroyed C-40 Crusher 4843 | -5/Waste | Spotted C-40 Crusher 4858 | -5/Waste | Destroyed C-40 Crusher 4880 | -5/Waste | Destroyed C-40 Crusher 4885 | -5/Waste | Spotted C-40 Crusher 4893 | -5/Waste | Spotted C-40 Crusher 4893 | -5/Waste | Destroyed C-40 Crusher 4913 | -5/Waste | Destroyed C-40 Crusher 4933 | -5/Waste | Spotted C-40 Crusher 5035 | -5/Waste | Crushed by Compactor (1 part destroyed, 2 dropped) 5038 | -5/Waste | Crushed by Compactor (1 part destroyed, 1 dropped) 5041 | -5/Waste | Crushed by Compactor (1 part destroyed, 1 dropped) 5044 | -5/Waste | Crushed by Compactor (0 parts destroyed, 2 dropped) 5047 | -5/Waste | Crushed by Compactor (1 part destroyed, 1 dropped) 5050 | -5/Waste | Crushed by Compactor (1 part destroyed, 1 dropped) 5053 | -5/Waste | Crushed by Compactor (1 part destroyed, 2 dropped) 5084 | -5/Waste | Lost 7 parts (1p3n2u1w) 5128 | -5/Waste | Destroyed C-40 Crusher 5159 | -5/Waste | Discovered new exit (range 12) 5191 | -5/Waste | Found Damper Plating 5296 | -5/Waste | Found Damper Plating 5555 | -5/Waste | Entered Factory 5601 | -5/Factory | Build established: Scavenger-Mutant 5729 | -5/Factory | Discovered new exit (range 14) 5833 | -5/Factory | Entered another Factory area 5833 | -4/Factory | Evolved 2 slots: Propulsion x1, Utility x1 6024 | -4/Factory | Repaired Smartbomb Launcher 6076 | -4/Factory | Discovered new exit (range 8) 6300 | -4/Factory | Discovered new exit (range 15) 6751 | -4/Factory | Entered Upper Caves 6987 | -4/Upper Caves | Learned Research terminal intel 7436 | -4/Upper Caves | Encountered a Warlord checkpoint 7778 | -4/Upper Caves | Discovered new exit (range 14) 8488 | -4/Upper Caves | Entered another Upper Caves area 8488 | -4/Upper Caves | Discovered new exit (range 7) 8490 | -4/Upper Caves | Attracted the attention of an 0b10 checkpoint 8503 | -4/Upper Caves | Entered Research 8503 | -3/Research | Evolved 2 slots: Utility x2 8504 | -3/Research | Loaded intel: 24 terminal locations 8870 | -3/Research | Garrison activated, responded to threat 9003 | -3/Research | System corruption reached 10% 9064 | -3/Research | Lost 13 parts (3n6u4w) 9153 | -3/Research | Core integrity fell below 50% 9232 | -3/Research | Crushed by falling debris 9235 | -3/Research | Crushed by falling debris 9245 | -3/Research | System corruption reached 30% 9259 | -3/Research | Crushed by falling debris 9290 | -3/Research | Lost 5 parts (1p2n2u) 9299 | -3/Research | Build established: Mutant 9333 | -3/Research | Core integrity fell below 20% 9395 | -3/Research | Destroyed by P-80 Master with Gamma Rifle Last Messages --------------- 09345_ Destroyed Gamma Rifle. 09348_ Destroyed Imp. Antigrav System. 09350_ P-80 Master destroyed. 09351_ System corrupted: Heat flow error (+297). 09352_ K-01 Serf collects debris. 09353_ Acquired 52 matter. 09354_ Acquired Imp. Antigrav System. 09356_ Acquired 10 matter. 09358_ Acquired Unknown Processor. 09359_ Identified Adv. Target Analyzer. 09368_ V LU9SQBC1J=H,KAI%H/